 Dungeon Crawl Stone Soup version 0.26-a0-365-g11c2b627af (webtiles) character file.

Game seed: 17341006834817590646

116 KristoblXynda the Conjurer (level 4, -4/33 HPs)
             Began as a Draconian Conjurer on July 18, 2020.
             Killed by divine providence
             ... invoked by an orc priest
              (13 damage)
             ... on level 3 of the Dungeon.
             The game lasted 00:04:18 (2470 turns).

KristoblXynda the Conjurer (Draconian Conjurer)     Turns: 2470, Time: 00:04:19

Health: -4/33      AC:  5    Str:  9    XL:     4   Next: 70%
Magic:  11/18      EV: 12    Int: 19    God:
Gold:   99         SH:  5    Dex: 10    Spells: 6/10 levels left

rFire    . . .     SeeInvis .   i - +1 dagger
rCold    . . .     Faith    .   (no shield)
rNeg     . . .     Spirit   .   (armour unavailable)
rPois    .         Reflect  +   (helmet restricted)
rElec    .         Harm     .   (no cloak)
rCorr    .                      (no gloves)
MR       .....                  (no boots)
Stlth    ++........             h - amulet of reflection
HPRegen  0.11/turn              l - ring of magical power
MPRegen  0.16/turn              (no ring)

@: lethally poisoned (-4 -> -19)
A: unfitting armour, cold-blooded, AC +5
a: no special abilities


You were on level 3 of the Dungeon.
You visited 1 branch of the dungeon, and saw 3 of its levels.

You collected 99 gold pieces.

Inventory:

Hand Weapons
 i - a +1 dagger (weapon)
Jewellery
 h - an amulet of reflection (around neck)
 l - a ring of magical power (left hand)
Scrolls
 a - a scroll of amnesia {unknown}
 d - a scroll of enchant armour
 f - a scroll of remove curse {unknown}
 g - a scroll of enchant weapon
 j - a scroll of noise {unknown}
 m - a scroll of immolation {unknown}
Potions
 b - a potion of berserk rage {unknown}
 c - a potion of degeneration {unknown}
 e - a potion of stabbing {unknown}
 k - a potion of cancellation {unknown}


   Skills:
 - Level 1.7 Dodging
 - Level 1.7 Stealth
 + Level 3.5 Spellcasting
 + Level 5.1 Conjurations


You had 6 spell levels left.
You knew the following spells:

 Your Spells              Type           Power        Failure   Level
a - Magic Dart            Conj           ###.         1%          1
b - Dazzling Flash        Conj/Hex       ##....       16%         3

Your spell library contained the following spells:

 Spells                   Type           Power        Failure   Level
 Searing Ray              Conj           ###...       2%          2
 Fulminant Prism          Conj/Hex       ##........   45%         4
 Iskenderun's Mystic Bla  Conj/Tloc      ##......     45%         4


Dungeon Overview and Level Annotations

Branches:
Dungeon (2/15)

Altars:


Innate Abilities, Weirdness & Mutations

Your plain brown scales are hard. (AC +5)
You cannot fit into any form of body armour.
You are cold-blooded and may be slowed by cold attacks.


Message History

You block the orc wizard's attack. The orc barely misses you.
The orc wizard hits you but does no damage.
You are poisoned.
The orc wizard mumbles some strange words.
The orc wizard blinks!
You feel sick.
The orc wizard hits you but does no damage.
You are more poisoned.
You feel sick.
You feel sick.
The orc wizard mumbles some strange words.
The orc wizard blinks!
You feel sick.
You feel sick.
The orc wizard hits you but does no damage.
You are lethally poisoned!
The orc priest invokes the aid of Beogh against you.
Beogh smites you!
You die...

#.....# #.....#
.....## .....
...## ## #... .#
#####.#####.#
#....)@.o...####..
#†###o####o.......
#.# #.#......###.#
#.###...o..#.#
#.........##.#
#..####.......
#..# ###.#####
#..# .... #..#
#.###


You could see an orc priest, an orc wizard (fast) and an orc.

Vanquished Creatures
  An orc wizard (D:3)
  A gnoll (D:1)
  3 adders
  2 worms
  2 dart slugs
  A leopard gecko (D:1)
  A ball python (D:2)
  3 giant cockroaches
  4 goblins
  3 hobgoblins (D:1)
  4 jackals (D:2)
  4 kobolds
  2 quokkas (D:2)
  3 bats (D:1)
  7 rats
41 creatures vanquished.

Notes
Turn   | Place    | Note
-------+----------+-------------------------------------------
     0 | D:1      | KristoblXynda the Draconian Conjurer began the quest for
                  | the Orb.
     0 | D:1      | Reached XP level 1. HP: 14/14 MP: 3/3
   503 | D:1      | Reached XP level 2. HP: 7/20 MP: 0/5
  1101 | D:1      | Reached XP level 3. HP: 26/26 MP: 1/7
  1963 | D:2      | Learned a level 3 spell: Dazzling Flash
  2259 | D:2      | Reached XP level 4. HP: 33/33 MP: 8/8
  2403 | D:2      | You fall into a shaft and drop 1 floor!
  2444 | D:3      | Reached skill level 5 in Conjurations
  2470 | D:3      | Killed from afar by an orc priest

Illustrated notes

Levels and vault maps discovered:
D:1:      scummos_arrival_forest, layout_loops_ring
D:2:      cheibrodos_helix_gallery, layout_basic, marbit_many_paths
D:3:      layout_basic, gammafunk_ghost_smash, minmay_misc_feat_alley,
          mrwooster_statue_mirror, uniq_grinder, uniq_jessica

Skill      XL: |  1  2  3  4 |
---------------+-------------+-----
Spellcasting   | 3 |  3.5
Conjurations   | 5 |  5.1
Dodging        | |  1.7
Stealth        | |  1.7

Action                   |  1- 3 |  4- 6 || total
-------------------------+-------+-------++-------
Melee: Unarmed           |    31 |       ||    31
       Tailslap          |     6 |       ||     6
       Dagger            |    52 |       ||    52
 Cast: Magic Dart        |    77 |    16 ||    93
  Use: Scroll            |       |     2 ||     2
Armor: Skin              |    29 |     5 ||    34
Dodge: Dodged            |    77 |     4 ||    81
Block: Other             |       |     3 ||     3

Table legend: (Time is in decaauts)
 A = Elapsed time spent in this place.
 B = Non-inter-level travel time spent in this place.
 C = Inter-level travel time spent in this place.
 D = Time resting spent in this place.
 E = Time spent auto-exploring this place.
 F = Levels seen in this place.
 G = Mean time per level.
                   A        B        C        D        E       F      G
               +--------+--------+--------+--------+--------+-----+--------+
         Total |   2468 |   2453 |     15 |   1220 |    824 |   3 |  822.7 |
       Dungeon |   2468 |   2453 |     15 |   1220 |    824 |   3 |  822.7 |
               +--------+--------+--------+--------+--------+-----+--------+
